[Event "Late-Titled-Tuesday-Blitz-August-29-2023"]
[Site "Chess.com"]
[Date "2023.08.29"]
[Round "4"]
[White "Jojo_898"]
[Black "Mourinho_Jose"]
[Result "0-1"]
[WhiteElo "2361"]
[BlackElo "2501"]
[TimeControl "180+1"]
[EndTime "14:39:01 PDT"]
[Termination "Mourinho_Jose won by resignation"]

1. e4 e5 2. Nf3 Nf6 3. Nxe5 d6 4. Nf3 Nxe4 5. Nc3 Nxc3 6. dxc3 Be7 7. Bd3 Nc6 8. Be3 Be6 9. Qd2 Qd7 10. a3 Bf6 11.
O-O-O O-O-O 12. Nd4 Nxd4 13. cxd4 d5 14. Qa5 Kb8 15. Kb1 Bf5 16. Bb5 Qd6 17. f3 Qb6 18. Qa4 c6 19. Bd3 Bxd3 20. Rxd3 Rhe8 21. Bf4+ Ka8 22.
Rhd1 Qb5 23. Qxb5 cxb5 24. R1d2 Re1+ 25. Ka2 Rc8 26. g4 g6 27. Re3 Rxe3 28. Bxe3 Re8 29. Rd3 b6 30. Kb3 Kb7 31. Kc3 h5 32. g5 Bd8 33. h4 Bc7 34. Bf2 Re2 35. Rd2 Rxd2 36. Kxd2 Bf4+ 37. Kd3 Kc6 38. Kc3 a5 39. Kd3 Kd7 40.
b3 a4 41. bxa4 bxa4 42. c4 Kc6 43. c5 Bc1 44. cxb6 Bxa3 45. Bg3 Kxb6 46. Kc3 Kb5 47. Be5 Bb4+ 48. Kb2 Be1 49. f4 0-1

[Event "Late-Titled-Tuesday-Blitz-August-29-2023"]
[Site "Chess.com"]
[Date "2023.08.29"]
[Round "4"]
[White "Semetey"]
[Black "Mili_Brizzi"]
[Result "1-0"]
[WhiteElo "2584"]
[BlackElo "2024"]
[TimeControl "180+1"]
[EndTime "14:39:01 PDT"]
[Termination "Semetey won on time"]

1. e4 c6 2. d4 d5 3. e5 Bf5 4. c4 e6 5. Nc3 Ne7 6. h3 dxc4 7. Bxc4 Nd7 8. Nge2 Nb6 9. Bd3 Bxd3 10.
Qxd3 Ned5 11. O-O Be7 12. Ne4 O-O 13. a3 Qd7 14. Bg5 Rad8 15. Rad1 h6 16. Bc1 Qc7 17. b4 Rd7 18. f4 Rfd8 19. f5 exf5 20. Rxf5 Qc8 21.
Qg3 Nc7 22. Bxh6 Ne6 23. Rdf1 Bf8 24. Nf6+ Kh8 25. Nxd7 Rxd7 26. Rxf7 Rxf7 27. Rxf7 gxh6 28. Qg6 Ng5 29. Qf6+ Kg8 30. Qg6+ Kh8 31. Rf6 Nd5 32. Rf5 Ne7 33. Qf6+ Kg8 34. Nf4 Nxf5 35. Qg6+ Bg7 36. Nh5 Qe6 37. Nf6+ Kh8 38. h4 Bxf6 39. hxg5 hxg5 40.
exf6 Qe1+ 41. Kh2 Qg3+ 42. Kh1 Qh4+ 43. Kg1 Qxd4+ 44. Kh2 Qe5+ 45. Kg1 Qe3+ 46. Kh2 Qg3+ 47. Kg1 Qe1+ 48. Kh2 Qh4+ 49. Kg1 Qh7 50. Qxg5 Nd6 51. Qe5 1-0

[Event "Late-Titled-Tuesday-Blitz-August-29-2023"]
[Site "Chess.com"]
[Date "2023.08.29"]
[Round "4"]
[White "gordonzyxu"]
[Black "eldur16"]
[Result "0-1"]
[WhiteElo "2113"]
[BlackElo "2631"]
[TimeControl "180+1"]
[EndTime "14:39:03 PDT"]
[Termination "eldur16 won by resignation"]

1. e4 e5 2. Nf3 Nc6 3. Bb5 a6 4. Ba4 Nf6 5. O-O Be7 6. Re1 b5 7. Bb3 d6 8. h3 O-O 9. c3 Nb8 10. d4 Nbd7 11. c4 c6 12. Nc3 Bb7 13. cxb5 axb5 14.
Bg5 h6 15. Bh4 b4 16. Nb1 Nh5 17. Bxe7 Qxe7 18. Nbd2 Nf4 19. Nf1 c5 20. dxc5 Nxc5 21. Bc2 Bc6 22. Ng3 g6 23. a3 bxa3 24. bxa3 h5 25.
Ne2 Nxe2+ 26. Qxe2 Rfb8 27. Nd2 Rb2 28. Nc4 Bb5 29.
Reb1 Rxb1+ 30. Bxb1 Ra4 31. Ba2 Qc7 32. Rc1 Qc6 33.
f3 Rxa3 34. Qb2 Ra8 35. Nxe5 dxe5 36. Bd5 Qb6 37. Qf2 Rc8 38. Rb1 Qa6 39. Qb2 Bd3 40. Rc1 Nd7 41. Rd1 Rc2 42. Qb3 Qa7+ 43. Kh1 Nc5 44.
Qb4 Kg7 45. Bb3 Nxb3 46. Qxb3 Qf2 47. Rg1 Bc4 48. Qb8 Qd4 49. Qc7 Bb3 50. Qe7 Be6 51.
Qg5 Qc3 52. h4 f6 53. Qg3 Rc1 54. Kh2 Rxg1 55. Kxg1 Qc1+ 56. Kh2 Qf4 57. Qxf4 exf4 58. g3 fxg3+ 59. Kxg3 Kf7 60. Kf4 Bb3 61. Kg3 Bd1 62. Kf4 Ke6 63. Kg3 Ke5 64. Kg2 Kf4 0-1

[Event "Late-Titled-Tuesday-Blitz-August-29-2023"]
[Site "Chess.com"]
[Date "2023.08.29"]
[Round "4"]
[White "aqibjbutt"]
[Black "ariosp"]
[Result "0-1"]
[WhiteElo "1987"]
[BlackElo "2242"]
[TimeControl "180+1"]
[EndTime "14:39:04 PDT"]
[Termination "ariosp won by resignation"]

1. d4 Nf6 2. g3 e6 3. Bg2 c5 4. c3 d5 5. Nf3 Nc6 6. O-O Be7 7. dxc5 Bxc5 8. Bg5 h6 9. Bxf6 Qxf6 10. Nbd2 O-O 11. e4 Rd8 12. Qc2 Bb6 13. exd5 Rxd5 14. Rad1 Qe7 15. Nc4 Rxd1 16. Rxd1 Bc7 17. Nd4 Nxd4 18.
Rxd4 Rb8 19. Qd2 b5 20. Ne3 Bb6 21. Rd3 a6 22. Ng4 Qg5 23. Qxg5 hxg5 24. Ne5 Kf8 25. Nc6 Rb7 26. Nb4 Ra7 27. Nc6 Rd7 28. Rxd7 Bxd7 29. Ne5 Bc8 30. Kf1 Ke7 31. Ke2 f6 32. Nd3 Kd6 33. f4 gxf4 34. Nxf4 g5 35. Nh5 Ke5 36. Kd3 a5 37. b4 axb4 38. cxb4 Bd7 39. Ng7 Bc7 40.
h4 gxh4 41. gxh4 Bd6 42. a3 Bf8 43. Nh5 Bh6 44. Bf3 Be8 45. Ng3 Bg6+ 46. Ke2 Bf4 47. Nh5 Bc1 48. Bc6 Bxh5+ 49. Kd3 Bxa3 0-1

[Event "Late-Titled-Tuesday-Blitz-August-29-2023"]
[Site "Chess.com"]
[Date "2023.08.29"]
[Round "4"]
[White "el_sporco"]
[Black "Ajedrez_con_German"]
[Result "0-1"]
[WhiteElo "2433"]
[BlackElo "2664"]
[TimeControl "180+1"]
[EndTime "14:39:09 PDT"]
[Termination "Ajedrez_con_German won by resignation"]

1. e4 e5 2. Nf3 Nf6 3. Nc3 Nc6 4.
d4 exd4 5. Nxd4 Bb4 6. Nxc6 bxc6 7. Bd3 d5 8. Bd2 O-O 9. O-O Rb8 10. Re1 Be6 11. e5 Nd7 12. f4 Nc5 13. Ne2 Nxd3 14. cxd3 Bc5+ 15. d4 Bb6 16. Rc1 Qd7 17. Bb4 Rfe8 18.
Qd2 Bg4 19. Ng3 h5 20. Bc5 h4 21. Nh1 Qf5 22. Rc3 Re6 23. h3 Bh5 24. Rec1 Rg6 25. Kh2 Qe4 26. Qf2 Rh6 27. Re3 Qf5 28. Rec3 Kh8 29.
b4 g5 30. Be7 Qxf4+ 31. Qxf4 gxf4 32. Rxc6 Rxc6 33. Rxc6 Kg7 34. Bxh4 Bxd4 35. Bf6+ Kg8 36. a3 Bb6 37. Bg5 d4 38. Bxf4 Rd8 39. e6 fxe6 40.
Rxe6 d3 41. Ng3 Bf7 42. Re1 Bb3 43. Bd2 Bd4 44. Re4 Bb2 45. Nf5 Kf7 46. g4 Bd5 47. Re7+ Kf6 48. Rxc7 Be5+ 49. Kg1 Bxc7 50. h4 Bb6+ 51.
Kh2 Be4 52. Bg5+ Ke5 53. Bxd8 Bxf5 54. Bxb6 axb6 55. h5 Bxg4 56. h6 Bf5 57. Kg3 d2 0-1

[Event "Late-Titled-Tuesday-Blitz-August-29-2023"]
[Site "Chess.com"]
[Date "2023.08.29"]
[Round "4"]
[White "Sajkochess"]
[Black "viktorskliarov"]
[Result "0-1"]
[WhiteElo "2416"]
[BlackElo "2688"]
[TimeControl "180+1"]
[EndTime "14:39:09 PDT"]
[Termination "viktorskliarov won by resignation"]

1. e4 c5 2. Nf3 Nc6 3. d4 cxd4 4. Nxd4 Nf6 5. Nc3 e5 6. Ndb5 d6 7. Bg5 a6 8. Bxf6 gxf6 9. Na3 b5 10. Nd5 f5 11. g3 fxe4 12. Bg2 Bg7 13. Bxe4 Be6 14. Qh5 Rc8 15. c3 Ne7 16. Rd1 Nxd5 17. Bxd5 O-O 18. Nc2 Bxd5 19. Rxd5 Rc5 20. Qd1 Qa8 21. Ne3 f5 22.
O-O f4 23. Rxc5 dxc5 24. Qd5+ Qxd5 25. Nxd5 Rd8 26. Rd1 Kf7 27. Kf1 f3 28. Ke1 Bh6 29. b3 e4 30. h4 Rd7 31. g4 Ke6 32. c4 bxc4 33. bxc4 Rb7 34. g5 Bg7 35. Kd2 Bd4 36. Re1 Rb2+ 37. Kc1 Ke5 38. Ne3 Rxa2 39. Nc2 Bc3 40. Re3 Bb2+ 41. Kd2 Bd4 42. Ra3 Rxa3 43. Nxa3 Bxf2 44. Nc2 Bd4 45. Ne1 Kf4 46. Nc2 e3+ 47. Kd3 e2 48. Ne1 Bf2 49. Nc2 e1=Q 50. Nxe1 Bxe1 51. h5 Kxg5 52. Ke3 Kxh5 53. Kxf3 Bb4 54. Ke4 a5 55. Kd3 a4 56. Kc2 a3 57. Kb3 Kg4 0-1

[Event "Late-Titled-Tuesday-Blitz-August-29-2023"]
[Site "Chess.com"]
[Date "2023.08.29"]
[Round "4"]
[White "angryspacevoid"]
[Black "AryanTari"]
[Result "0-1"]
[WhiteElo "2581"]
[BlackElo "2921"]
[TimeControl "180+1"]
[EndTime "14:39:11 PDT"]
[Termination "AryanTari won on time"]

1. e4 c6 2. d4 d5 3. Nc3 Qa5 4. Bd2 dxe4 5. Nxe4 Qd5 6. Qe2 Bf5 7.
f3 e6 8. c4 Qd8 9. Bc3 Nd7 10. d5 cxd5 11. cxd5 Ngf6 12. O-O-O Qb6 13. g4 Bg6 14. dxe6 fxe6 15. Ng5 Rc8 16. Qxe6+ Qxe6 17. Nxe6 Bb4 18. Ne2 Ke7 19. Nxg7 Rhd8 20. h4 Kf7 21. Nf5 Bxf5 22. gxf5 a5 23. Kb1 Nb6 24. Bh3 Nc4 25. Bxb4 axb4 26. Nd4 Ne3 27. Rd2 Rc4 28. Nb3 Rxd2 29.
Nxd2 Rxh4 30. Re1 Rxh3 31. Rxe3 h5 32. Rb3 Rh2 33. Nc4 Nd5 34. Nd6+ Kf6 35. Nxb7 h4 36. Rd3 Nf4 37. Rd4 Ke5 38. Re4+ Kxf5 39. Nd6+ Kg5 40. Rxb4 Nd5 41. Rg4+ Kh5 42. Ne4 Rh1+ 43. Kc2 Ne3+ 44.
Kd3 Nxg4 45. fxg4+ Kg6 46. a4 h3 47. Nf2 Rh2 48. Ke2 Rg2 49. Kf3 Rh2 50. Kg3 Rg2+ 51. Kf3 Rg1 52. Nxh3 Ra1 53. Nf4+ Kg5 54. Ne6+ Kf6 55.
Nc5 Ke5 56. b4 Kd5 57. g5 Rb1 0-1

[Event "Late-Titled-Tuesday-Blitz-August-29-2023"]
[Site "Chess.com"]
[Date "2023.08.29"]
[Round "4"]
[White "Rgoltsman"]
[Black "ATM622"]
[Result "1-0"]
[WhiteElo "2274"]
[BlackElo "2447"]
[TimeControl "180+1"]
[EndTime "14:39:13 PDT"]
[Termination "Rgoltsman won on time"]

1. b3 d5 2. Bb2 c5 3. f4 Nc6 4. e3 Nf6 5. Nf3 g6 6. Bb5 Bg7 7. O-O O-O 8. d3 Ng4 9. Bxg7 Kxg7 10. Bxc6 Nxe3 11. Qe2 d4 12. Ba4 Nxf1 13. Kxf1 a6 14. b4 b5 15. Bb3 cxb4 16. Qe5+ f6 17. Qxd4 Qc7 18. Qxb4 Bb7 19. Nbd2 e5 20. Re1 Rfe8 21. fxe5 fxe5 22. Ng5 Qb6 23. Ndf3 h6 24. Ne4 Rad8 25.
Qc5 Qxc5 26. Nxc5 Bxf3 27. gxf3 Rd6 28. Kg2 Kf8 29. Kg3 Rc6 30. Ne4 a5 31. a4 b4 32.
Bc4 Rc7 33. Nf6 Rd8 34. Rxe5 Kg7 35. Nd5 Rc5 36. Re7+ Kf8 37. Re5 Kg7 38. f4 h5 39. h4 Rdc8 40. Kf3 Rf8 41. Ke4 Kh6 42.
Re7 Rc6 43. Re5 Kg7 44. Rg5 Kh6 45. Re5 Kg7 46. Ne7 Rd6 47. Re6 Rd7 48. f5 gxf5+ 49.
Nxf5+ Kh7 50. Ke5 Rdf7 51. Ne7 Rg7 52. Bd5 Rf1 53. Be4+ 1-0

[Event "Late-Titled-Tuesday-Blitz-August-29-2023"]
[Site "Chess.com"]
[Date "2023.08.29"]
[Round "4"]
[White "Incognito_Knight"]
[Black "MITerryble"]
[Result "1-0"]
[WhiteElo "2800"]
[BlackElo "2916"]
[TimeControl "180+1"]
[EndTime "14:39:15 PDT"]
[Termination "Incognito_Knight won by resignation"]

1. b3 d5 2. Bb2 Bg4 3. f3 Bh5 4. Nh3 f6 5. d4 Nc6 6. Nc3 e5 7. dxe5 d4 8. Ne4 fxe5 9. e3 Nf6 10.
Nhg5 dxe3 11. Qxd8+ Rxd8 12. Bb5 h6 13. Ne6 Nxe4 14.
Nxd8 Bb4+ 15. c3 Kxd8 16. Bxc6 bxc6 17. fxe4 Be7 18. Bc1 Bg5 19. g3 e2 20. Bxg5+ hxg5 21. h3 Ke7 22. Rh2 Bf3 23. Kf2 g4 24. Re1 Rf8 25. Ke3 a5 26. hxg4 Bxg4 27. Rh4 Rf3+ 28. Kxe2 Rxg3+ 29. Kf2 Rf3+ 30. Kg2 Rf4 31. Kg3 Be6 32.
Rxf4 exf4+ 33. Kxf4 Kf6 34. e5+ Kf7 35. Kg5 c5 36. c4 Bd7 37. Kf4 Be6 38. Rd1 Ke7 39. Rg1 Kf7 40. Rh1 Kg8 41. Rd1 Kf7 42. Rd8 Ke7 43.
Ra8 Kd7 44. Rxa5 Bh3 45. Rxc5 Bg2 46. Ra5 Bb7 47. Ra7 Bg2 48. b4 Kc6 49. Ra6+ Kd7 50. Rg6 1-0

[Event "Late-Titled-Tuesday-Blitz-August-29-2023"]
[Site "Chess.com"]
[Date "2023.08.29"]
[Round "4"]
[White "DeTimmerman"]
[Black "Jaka_Brilej"]
[Result "1/2-1/2"]
[WhiteElo "2686"]
[BlackElo "2514"]
[TimeControl "180+1"]
[EndTime "14:39:15 PDT"]
[Termination "Game drawn by repetition"]

1. e4 e6 2. d4 d5 3. Nc3 Nf6 4.
Bg5 dxe4 5. Nxe4 Be7 6. Bxf6 gxf6 7. Nf3 a6 8. g3 f5 9. Ned2 b5 10. Bg2 Bb7 11. O-O Nd7 12. a4 O-O 13. axb5 axb5 14. Qe2 b4 15. Nc4 Bf6 16. Nce5 Nxe5 17. dxe5 Be7 18.
Rfd1 Rxa1 19. Rxa1 Qd7 20. Rd1 Qc6 21. Ne1 Qb6 22. Bxb7 Qxb7 23. Rd7 Bc5 24. Qd2 Qc6 25. h4 Bd6 26. Qg5+ Kh8 27. Qf6+ Kg8 28. Rd8 Rxd8 29. Qxd8+ Bf8 30. h5 h6 31. Qd3 Bg7 32. f4 Bf8 33. Nf3 Bc5+ 34. Kf1 Kg7 35. Ke2 Bb6 36. Kd2 Qc5 37.
Ne1 Qf2+ 38. Qe2 Qxg3 39. Qg2 Qxg2+ 40. Nxg2 f6 41. exf6+ Kxf6 42. Ke2 e5 43. fxe5+ Kxe5 44. Ne1 c5 45. Kf3 c4 46. Ng2 Bd4 47. b3 cxb3 48. cxb3 Bb2 49. Nf4 Kd4 50. Ne2+ Kd3 51. Ng3 Kc3 52.
Nxf5 Bc1 53. Ke4 Kxb3 54. Nd4+ Ka2 55. Kd3 b3 56. Ne2 b2 57. Nc3+ Kb3 58. Nb1 Bg5 59. Nc3 Bf6 60. Nb1 Bg5 61. Nc3 Bf6 62. Nb1 Ka2 63.
Kc2 Bg5 64. Nc3+ Ka1 65. Nb1 Ka2 66. Nc3+ Ka3 67. Nb1+ Ka2 1/2-1/2

[Event "Late-Titled-Tuesday-Blitz-August-29-2023"]
[Site "Chess.com"]
[Date "2023.08.29"]
[Round "4"]
[White "gshwbedhkhd"]
[Black "platy3"]
[Result "0-1"]
[WhiteElo "2581"]
[BlackElo "2915"]
[TimeControl "180+1"]
[EndTime "14:39:16 PDT"]
[Termination "platy3 won by resignation"]

1. e4 e5 2. Nf3 Nc6 3. Nc3 Nf6 4. a3 d5 5. Bb5 d4 6. Ne2 Bd6 7. d3 O-O 8. Ng3 Ne7 9. Bc4 Ng6 10. O-O h6 11. h3 c5 12. c3 Be6 13. Bxe6 fxe6 14. Qb3 Qd7 15. Bd2 Kh8 16. Rac1 Rac8 17. Rc2 b5 18. c4 a6 19. cxb5 axb5 20. Rfc1 Rc7 21. Qa2 Rfc8 22. b4 cxb4 23. Rxc7 Rxc7 24. Rxc7 Qxc7 25. axb4 Nf8 26. Ne1 N6d7 27. Kf1 Nb6 28. Qa5 Qc6 29. Ne2 Bc7 30. Qa6 Nfd7 31. Nc1 Nb8 32.
Qa7 Na4 33. Nb3 Qb6 34. Qa8 Kh7 35. Nc2 Bd6 36. Na3 Nc3 37. Nc2 Nc6 38. Qe8 Nxb4 39. Qxe6 Nxc2 40. Qf5+ Kg8 41. Qe6+ Kf8 42. Na5 Qc7 43.
Nb7 Qxb7 44. Qxd6+ Qe7 45. Qb8+ Kf7 46. Qa8 Nb4 47.
Qa5 Nxd3 48. Qb6 Nxe4 49. Ba5 Nf4 50. Qxb5 Nf6 51. Qb3+ Qe6 52. Qb7+ Qd7 53. Qf3 Qd5 54. Bd2 Qxf3 55. gxf3 Nxh3 0-1

[Event "Late-Titled-Tuesday-Blitz-August-29-2023"]
[Site "Chess.com"]
[Date "2023.08.29"]
[Round "4"]
[White "Oleksandr_Bortnyk"]
[Black "Eternauta2400"]
[Result "0-1"]
[WhiteElo "3032"]
[BlackElo "2844"]
[TimeControl "180+1"]
[EndTime "14:39:17 PDT"]
[Termination "Eternauta2400 won on time"]

1. e4 c6 2. c4 d5 3. cxd5 cxd5 4. exd5 Nf6 5. Qa4+ Nbd7 6. Nc3 g6 7. Bc4 Bg7 8. d3 O-O 9. Nf3 a6 10. Qa3 b6 11.
O-O Bb7 12. Re1 Re8 13. Be3 b5 14. Bb3 Nb6 15. Bxb6 Qxb6 16. Qb4 Qd6 17. Qxd6 exd6 18. a3 Nd7 19. d4 Nb6 20. Kf1 Kf8 21. Rxe8+ Rxe8 22. Re1 Rc8 23. Ke2 h6 24. h4 Ke7 25. Kd3+ Kd7 26. g4 a5 27. a4 b4 28. Nb5 Nxd5 29.
Bxd5 Bxd5 30. Nd2 Bf6 31. h5 gxh5 32. gxh5 Bg5 33. Rf1 Bxd2 34. Kxd2 Bb3 35. d5 Rc5 36.
Nd4 Rxd5 37. Ke3 Bxa4 38. Ra1 Bc6 39. Rg1 Rxh5 40. Rg7 Bd5 41. Rg1 Re5+ 42. Kd3 Rg5 43. Ra1 h5 44. Ke3 Bb7 45. f3 Re5+ 46. Kf4 Kc7 47. b3 Kb6 48. Rc1 Rd5 49. Nf5 Rd3 50. Ne3 Rxb3 51. Nc4+ Ka6 52. Ra1 Rxf3+ 53. Kg5 f6+ 54.
Kxh5 Rf5+ 55. Kg6 Rc5 56. Nxd6 f5 57. Kg5 b3 58. Kf4 Bd5 59. Ke3 Rc6 60. Nxf5 b2 61.
Rb1 Rb6 0-1

[Event "Late-Titled-Tuesday-Blitz-August-29-2023"]
[Site "Chess.com"]
[Date "2023.08.29"]
[Round "4"]
[White "campochess"]
[Black "JoshuaGK27"]
[Result "0-1"]
[WhiteElo "2195"]
[BlackElo "2401"]
[TimeControl "180+1"]
[EndTime "14:39:17 PDT"]
[Termination "JoshuaGK27 won on time"]

1. d4 Nf6 2. Bg5 d5 3. Nd2 c5 4.
Bxf6 gxf6 5. c3 Nc6 6. Ngf3 Qb6 7. e4 dxe4 8. d5 exf3 9. dxc6 bxc6 10. Qxf3 Bd7 11.
b3 Qc7 12. Be2 Rg8 13. Ne4 Bg4 14. Qe3 O-O-O 15. f3 Bf5 16. Nxc5 Rxg2 17. Ba6+ Kb8 18. Bf1 Bh6 19. Na6+ Kc8 20. Nxc7 Bxe3 21. Bxg2 Kxc7 22.
Ke2 Bf4 23. Rad1 Rg8 24. Kf1 e5 25. h4 Bc2 26. Re1 Bd3+ 27. Kf2 Bg3+ 28. Ke3 Bxe1 29. Kxd3 Bg3 30. Bf1 Bf4 31. Ke4 Kd6 32. Bc4 Ke7 33.
a4 Rg2 34. b4 Rc2 35. Kd3 Rd2+ 36. Ke4 Rb2 37. b5 cxb5 38. Bxb5 Rc2 39. Kd3 Rd2+ 40. Kc4 f5 41. Re1 Kf6 42. Rb1 e4 43. fxe4 fxe4 44. Bc6 e3 45. Rf1 Ke5 46. h5 e2 47. Re1 Bg3 48.
Rxe2+ Rxe2 49. Kb5 Kd6 50. Bf3 Rb2+ 51. Kc4 Bf2 52.
Be4 h6 53. Kd3 Ke5 54. Bc6 f5 55. c4 f4 56. Bd7 Bd4 57. Bg4 Ra2 58. Bd7 Ra3+ 59.
Ke2 f3+ 60. Kd2 Kf4 0-1

[Event "Late-Titled-Tuesday-Blitz-August-29-2023"]
[Site "Chess.com"]
[Date "2023.08.29"]
[Round "4"]
[White "crossingthestreet"]
[Black "grzechu96"]
[Result "1-0"]
[WhiteElo "2544"]
[BlackElo "2695"]
[TimeControl "180+1"]
[EndTime "14:39:18 PDT"]
[Termination "crossingthestreet won on time"]

1. c4 e5 2. Nc3 Nf6 3. Nf3 Nc6 4. e4 Bb4 5. d3 d6 6. a3 Bc5 7. b4 Bb6 8. Na4 Bd4 9. Rb1 O-O 10. Be2 a6 11. Nxd4 Nxd4 12. Nc3 b5 13. Be3 c6 14.
O-O Be6 15. f4 Nxe2+ 16. Qxe2 exf4 17. Bxf4 Ng4 18. h3 Ne5 19. c5 f6 20. Rfd1 dxc5 21.
Be3 cxb4 22. axb4 a5 23. Bc5 Re8 24. d4 Bc4 25. Qe3 Nd7 26. Qg3 axb4 27. Bxb4 Qb6 28. Kh1 Nf8 29. e5 f5 30. Bc5 Qb7 31. Qg5 Ne6 32.
Qxf5 Qf7 33. Qxf7+ Kxf7 34. Bd6 Kg8 35. Ne4 Bd5 36. Nc3 Bc4 37. Rb2 Ra7 38. Rf2 Rb7 39.
d5 cxd5 40. Nxd5 Bxd5 41. Rxd5 b4 42. Rb2 b3 43. Rd3 Nf4 44. Rdxb3 Rxb3 45. Rxb3 Ne6 46. Rb7 Ng5 47. Rb5 Nf7 48. Bc7 h6 49. Kh2 Kh7 50.
Kg3 Kg6 51. Kf4 Ng5 52. Rb6+ Kf7 53. Bd6 Ne6+ 54. Ke4 Ra8 55. Rb7+ Kg6 56. g3 Ra5 57. Bb4 Ra4 58. Kd5 Nd8 59. Rb8 Nf7 60. Rb6+ Kh7 61.
e6 Ng5 62. e7 Ra8 63. h4 Nf7 64. Ke6 Kg8 65. Bd6 Re8 66. Rb8 Rxb8 67. Bxb8 Nd6 68.
Bxd6 1-0

[Event "Late-Titled-Tuesday-Blitz-August-29-2023"]
[Site "Chess.com"]
[Date "2023.08.29"]
[Round "4"]
[White "superfast64"]
[Black "MBA_CHESS_2021"]
[Result "1-0"]
[WhiteElo "2458"]
[BlackElo "2281"]
[TimeControl "180+1"]
[EndTime "14:39:18 PDT"]
[Termination "superfast64 won on time"]

1. d4 d5 2. Bg5 h6 3. Bh4 g5 4.
Bg3 Bg7 5. c3 c6 6. e3 Bf5 7.
Bd3 e6 8. Nf3 Ne7 9. Qc2 Nd7 10.
Nbd2 Rc8 11. e4 Bg6 12. exd5 cxd5 13. Bxg6 Nxg6 14. Qb3 Qb6 15. O-O O-O 16. Rae1 Rfe8 17. Re2 Qa6 18. Rfe1 Rc6 19. a3 f5 20. h3 f4 21. Bh2 Kh8 22. Qc2 Ne7 23. Nb3 Nf5 24. Nc1 Rf8 25. Qd2 Nf6 26. Ne5 Ne4 27. Rxe4 dxe4 28.
Ng6+ Kg8 29. Nxf8 e3 30. fxe3 fxe3 31. Qe2 Qxe2 32. Rxe2 Bxf8 33. g4 Nxd4 34. Rxe3 Nb5 35. Re2 Kf7 36. Nd3 Bg7 37. Be5 Rc8 38. Bxg7 Kxg7 39.
Rxe6 Rc7 40. Ne5 a6 41. Rg6+ Kh7 42. Re6 Kg7 43. a4 Na7 44. Kf2 Nc8 45. Ke3 Ne7 46. Ke4 Ng8 47. Rg6+ Kh7 48. Re6 Kg7 49. Nf3 Nf6+ 50.
Ke3 Nd5+ 51. Kf2 Nf4 52. Rd6 Nxh3+ 53. Kg3 Nf4 54. Nd4 Re7 55. Nf5+ Kf7 56. Nxe7 Kxe7 57. Rxh6 Ne2+ 58. Kf2 Nf4 59. Rh7+ Kd6 60. Rxb7 Kc5 61. Kf3 Kc4 62. Ke4 Ne2 63. Ke3 Nc1 64. Rb4+ Kc5 65. Kd2 Na2 66. Rb3 Kc4 67. Ra3 Nc1 68. Kxc1 a5 69.
Kc2 Kd5 70. b4 Ke4 71. bxa5 Kf4 72. a6 Kxg4 73. a7 Kf3 74. a8=Q+ 1-0

[Event "Late-Titled-Tuesday-Blitz-August-29-2023"]
[Site "Chess.com"]
[Date "2023.08.29"]
[Round "4"]
[White "vi_pranav"]
[Black "Matibar"]
[Result "1-0"]
[WhiteElo "2966"]
[BlackElo "2842"]
[TimeControl "180+1"]
[EndTime "14:39:20 PDT"]
[Termination "vi_pranav won on time"]

1. e4 c6 2. d4 d5 3. e5 Bf5 4.
Nd2 e6 5. c3 Nd7 6. Ngf3 Bg6 7.
Be2 Nh6 8. O-O Nf5 9. Re1 Be7 10. Nf1 O-O 11. Bd3 c5 12. h3 Rc8 13. a3 cxd4 14. cxd4 Qb6 15. Qa4 Nb8 16. Bd2 Nxd4 17. Nxd4 Bxd3 18. Ne3 Nc6 19. Bc3 Qa6 20. Qd1 Nxd4 21.
Bxd4 Bg6 22. Qd2 Rc6 23. Red1 Rfc8 24. a4 b6 25. b4 Qb7 26. b5 R6c7 27. a5 Bc5 28. h4 h6 29. Qb2 Bxd4 30. Qxd4 Rc5 31. axb6 Qxb6 32. Ra6 Qxb5 33. Rxa7 Qe2 34. Raa1 Rc3 35.
Re1 Qd3 36. Qf4 Qb5 37. Rad1 Rb3 38. Qf3 Rb4 39. h5 Be4 40. Qg3 Rc3 41. Qh4 Qb8 42.
Qh2 Bh7 43. Nf1 Rc2 44. Ne3 Ra2 45. Qg3 Rbb2 46. Rf1 Qa7 47. Ng4 Kh8 48. Rc1 Qb8 49. Qf4 Qf8 50. Rc7 Kg8 51. Qg3 Kh8 52. Qf4 Bf5 53.
Ne3 Bd3 54. Rfc1 Rxf2 55. Qxf2 Rxf2 56. Rc8 1-0

[Event "Late-Titled-Tuesday-Blitz-August-29-2023"]
[Site "Chess.com"]
[Date "2023.08.29"]
[Round "4"]
[White "PepeCuenca"]
[Black "LeninGuerra"]
[Result "1/2-1/2"]
[WhiteElo "2727"]
[BlackElo "2542"]
[TimeControl "180+1"]
[EndTime "14:39:20 PDT"]
[Termination "Game drawn by repetition"]

1. e4 c5 2. Nf3 e6 3. d4 cxd4 4.
Nxd4 Nc6 5. Nc3 Qc7 6. Be3 a6 7. Bd3 b5 8. Nxc6 dxc6 9. a4 b4 10. Nb1 Nf6 11. Nd2 a5 12. O-O Be7 13. Nc4 Ba6 14. f3 O-O 15. Qe1 Bxc4 16. Bxc4 Qe5 17. b3 Bc5 18. Qf2 Bxe3 19. Qxe3 Rfd8 20. Rad1 Qc7 21.
Qc5 Rxd1 22. Rxd1 Rd8 23. Rd3 Rxd3 24. Bxd3 Nd7 25. Qe7 Qb6+ 26. Kf1 Nf8 27. Qg5 f6 28. Qd2 Kf7 29. Bc4 Ke7 30. g3 Nd7 31. Kg2 Ne5 32.
Be2 c5 33. Bb5 Qd6 34. Qe3 Qd4 35. Kf2 Qxe3+ 36. Kxe3 Nf7 37. Be2 Nd6 38. Bd3 e5 39.
f4 Kd7 40. f5 Kc6 41. Bc4 Kb6 42. g4 h6 43. h4 Nxc4+ 44. bxc4 Kc6 45. Kf3 Kd6 46.
g5 hxg5 47. hxg5 Ke7 48. Kg4 Kf8 49. Kh4 Kg8 50. Kg4 Kf8 51. Kh3 Kg8 52. Kg3 Kf8 53.
Kg4 Kg8 54. Kh5 Kh7 55. Kh4 Kg8 56. Kg4 Kh8 57. Kh5 Kh7 58. Kh4 Kh8 59. Kg3 Kh7 60. Kf3 Kh8 61. Kg4 Kg8 62. Kh5 Kh7 1/2-1/2

[Event "Late-Titled-Tuesday-Blitz-August-29-2023"]
[Site "Chess.com"]
[Date "2023.08.29"]
[Round "4"]
[White "ToddBryant"]
[Black "pedromartinez91"]
[Result "0-1"]
[WhiteElo "2359"]
[BlackElo "2501"]
[TimeControl "180+1"]
[EndTime "14:39:21 PDT"]
[Termination "pedromartinez91 won by checkmate"]

1. e4 c5 2. Nf3 Nc6 3. d4 cxd4 4. Nxd4 e5 5. Nb5 d6 6. N1c3 a6 7. Na3 b5 8. Nd5 Be6 9. Be3 Rb8 10. c4 b4 11. Nc2 Nf6 12. f3 Be7 13. Be2 O-O 14. O-O Nd7 15. b3 Bg5 16. Bf2 Nc5 17. Nce3 Nd4 18. Nc2 Nc6 19. Qe1 a5 20. Rd1 Re8 21.
h4 Be7 22. g4 Bf8 23. g5 Qc8 24. Be3 a4 25. bxa4 Nxa4 26. Ncxb4 Nxb4 27. Nxb4 Qb7 28. Nd5 Qb2 29. Rd2 Qb7 30. Qg3 Nc5 31. Bxc5 dxc5 32. Rfd1 Ra8 33. h5 Be7 34. Nf6+ Kh8 35. Nxe8 Rxe8 36.
Qxe5 Kg8 37. h6 Bf8 38. Qf4 Qa8 39. Bf1 Qc8 40. e5 Kh8 41. Rd6 gxh6 42. gxh6 Be7 43. R1d2 Rg8+ 44. Rg2 Rg6 45. Rxg6 hxg6 46. Qd2 Kh7 47.
Bg2 Bf8 48. f4 Bxh6 49. Rd8 Qa6 50. Qd6 Bxf4 51. Qf8 Bxe5 52. Qg8+ Kh6 53. Rd3 Qxc4 54. Qf8+ Bg7 55. Qd6 Qc1+ 56. Rd1 Qe3+ 57. Kf1 Be5 58. Qd2 Bc4+ 59. Qd3 Bxd3+ 60. Rxd3 Qxd3+ 61. Kf2 Qd2+ 62. Kg1 Qxa2 63. Kh1 c4 64. Kg1 c3 65. Kh1 c2 66.
Kg1 c1=Q+ 67. Bf1 Qxf1+ 68. Kxf1 g5 69. Kg1 g4 70. Kf1 Kg5 71. Kg1 Kf4 72. Kf1 Kf3 73. Kg1 Qg2# 0-1

[Event "Late-Titled-Tuesday-Blitz-August-29-2023"]
[Site "Chess.com"]
[Date "2023.08.29"]
[Round "4"]
[White "Msb2"]
[Black "Meri-Arabidze"]
[Result "1-0"]
[WhiteElo "3010"]
[BlackElo "2603"]
[TimeControl "180+1"]
[EndTime "14:39:22 PDT"]
[Termination "Msb2 won by resignation"]

1. d4 d5 2. c4 dxc4 3. e4 e5 4. Nf3 exd4 5. Bxc4 Nc6 6. O-O Nf6 7. e5 Nd5 8. Nxd4 Nxd4 9. Qxd4 Be6 10. Rd1 c6 11.
Bb3 Be7 12. Nc3 Nxc3 13. Qxc3 Qc8 14. Bc2 O-O 15. Qd3 g6 16. Bh6 Rd8 17. Qe3 Bf5 18.
Rxd8+ Bxd8 19. Bb3 Be6 20. Rd1 Be7 21. h3 Bf8 22.
Bxf8 Kxf8 23. Qh6+ Kg8 24. Rd4 Qf8 25. Qd2 Bxb3 26.
axb3 Re8 27. f4 f6 28. Rd7 fxe5 29. Rxb7 Qxf4 30. Qe1 e4 31. Qc3 Qe5 32. Qxc6 Qd4+ 33. Kh1 Rf8 34. Qe6+ Kh8 35. Rf7 Rxf7 36. Qxf7 Qd1+ 37.
Kh2 Qd6+ 38. Kg1 Qd4+ 39. Kf1 Qd1+ 40. Kf2 Qd2+ 41. Kg3 Qe3+ 42. Kh2 Qc5 43. Qf6+ Kg8 44. Qe6+ Kg7 45. Qxe4 Qd6+ 46. Kg1 Qd1+ 47. Kf2 Qxb3 48.
Qd4+ Kf7 49. Qxa7+ Kf6 50. Qd4+ Kf7 51. Qf4+ Kg7 52.
Qe5+ Kf7 53. Qc7+ Kf6 54. Qc3+ Qxc3 55. bxc3 Ke5 56. Ke3 Kd5 57. Kf4 Kc4 58. Kg5 Kxc3 59. Kh6 Kd4 60. Kxh7 g5 61. Kg6 g4 62. hxg4 1-0